BSA
CHICAGO MACHINE @ KANSAS CITY KINGS
06/04/2026
 
TOP OF THE 1ST
Chicago Machine batting - Pitching for Kansas City Kings : LHP Francisco Morales
Pitching: LHP Francisco Morales
Batting: RHB Pablo Sandoval 0-0: Swinging Strike
0-1: Foul Ball, location: 2F
0-2: Ball
1-2: DOUBLE (Flyball, 9LM)
Batting: RHB Derek Ramsey 0-0: Called Strike
0-1: Foul Ball, location: 2F
0-2: Ball
1-2: Ball
2-2: Strikes out swinging
Batting: RHB Edward Young 0-0: Ball
1-0: Foul Ball, location: 2F
1-1: Called Strike
Pablo Sandoval steals 3rd base
1-2: SINGLE (Line Drive, 56)
Pablo Sandoval scores
Batting: LHB Bob Smith 0-0: Ball
1-0: Swinging Strike
1-1: DOUBLE (Line Drive, 7D)
Edward Young to third
Runner from 3rd tries for Home, SAFE, throw made home
Batting: RHB Lorenzo Guzmán 0-0: Called Strike
0-1: Ball
1-1: Called Strike
1-2: Ball
2-2: Ball
3-2: Strikes out swinging
Batting: RHB Roberto Cardona 0-0: Ball
1-0: Ground out 6-3 (Groundball, 6S)
Top of the 1st over - 2 run(s), 3 hit(s), 0 error(s), 1 left on base; Chicago 2 - Kansas City 0
BOTTOM OF THE 1ST
Kansas City Kings batting - Pitching for Chicago Machine : LHP Dave Huot
Pitching: LHP Dave Huot
Batting: RHB Chris Chandler 0-0: Called Strike
0-1: Foul Ball, location: 2F
0-2: Ball
1-2: Foul Ball, location: 2F
Reached via error on a dropped throw, E3
Batting: LHB Ray Spencer 0-0: Called Strike
0-1: Ball
1-1: Ball
2-1: Foul Ball, location: 2F
2-2: Ball
3-2: SINGLE (Line Drive, 89S)
Chris Chandler to second
Chris Chandler to third
Batting: RHB Toshimichi Kono 0-0: Ball
1-0: 3-RUN HOME RUN (Flyball, 7D), Distance : 381 ft
Batting: LHB Pablo Reyes 0-0: Called Strike
0-1: Fly out, F8 (Flyball, 8RD)
Batting: RHB Dave Parker 0-0: Called Strike
0-1: SINGLE (Groundball, 34D)
Batting: SHB Víctor Serrano 0-0: Ball
1-0: Ball
2-0: Fly out, F8 (Flyball, 8RXD)
Batting: LHB Ethan Marshall 0-0: Fly out, F5 (Popup, 5SF)
Bottom of the 1st over - 3 run(s), 3 hit(s), 1 error(s), 1 left on base; Chicago 2 - Kansas City 3
TOP OF THE 2ND
Chicago Machine batting - Pitching for Kansas City Kings : LHP Francisco Morales
Batting: RHB Rick Ayliffe 0-0: DOUBLE (Line Drive, 5L)
Batting: SHB Jesús Ramírez 0-0: Ball
1-0: Ball
2-0: Called Strike
2-1: Called Strike
2-2: Ball
3-2: Foul Ball, location: 2F
3-2: Base on Balls
Batting: SHB Joaquín López 0-0: Called Strike
0-1: Called Strike
0-2: Foul Ball, location: 2F
0-2: Ball
1-2: Foul Ball, location: 2F
1-2: TRIPLE (Flyball, 9LM)
Rick Ayliffe scores
Jesús Ramírez scores
Batting: RHB Pablo Sandoval 0-0: Called Strike
0-1: Ball
1-1: Called Strike
1-2: Ball
2-2: Foul Ball, location: 2F
2-2: SINGLE (Groundball, 4MD)
Joaquín López scores
Batting: RHB Derek Ramsey 0-0: Fly out, F9 (Flyball, 89D)
Batting: RHB Edward Young 0-0: Ball
1-0: Ball
2-0: Grounds into double play, 5-4-3 (Groundball, 56)
Top of the 2nd over - 3 run(s), 3 hit(s), 0 error(s), 0 left on base; Chicago 5 - Kansas City 3
BOTTOM OF THE 2ND
Kansas City Kings batting - Pitching for Chicago Machine : LHP Dave Huot
Batting: LHB Brian Boone 0-0: Ball
1-0: Called Strike
1-1: Called Strike
1-2: Ball
2-2: Foul Ball, location: 2F
2-2: Ball
3-2: Base on Balls
Batting: RHB Matt Richards 0-0: Ball
1-0: Ball
2-0: Grounds into double play, U6-3 (Groundball, 6M)
Batting: RHB Chris Chandler 0-0: Foul Ball, location: 2F
0-1: Foul Ball, location: 2F
0-2: SINGLE (Groundball, 56)
Batting: LHB Ray Spencer 0-0: Ball
Chris Chandler is caught stealing 2nd base
Bottom of the 2nd over - 0 run(s), 1 hit(s), 0 error(s), 0 left on base; Chicago 5 - Kansas City 3
TOP OF THE 3RD
Chicago Machine batting - Pitching for Kansas City Kings : LHP Francisco Morales
Batting: LHB Bob Smith 0-0: Called Strike
0-1: Ball
1-1: Swinging Strike
1-2: Ball
2-2: Fly out, F9 (Flyball, 89D)
Batting: RHB Lorenzo Guzmán 0-0: Called Strike
0-1: Ball
1-1: Ball
2-1: Foul Ball, location: 2F
2-2: Ground out 4-3 (Groundball, 4)
Batting: RHB Roberto Cardona 0-0: Ball
1-0: Ground out 1-3 (Groundball, 25)
Top of the 3rd over - 0 run(s), 0 hit(s), 0 error(s), 0 left on base; Chicago 5 - Kansas City 3
BOTTOM OF THE 3RD
Kansas City Kings batting - Pitching for Chicago Machine : LHP Dave Huot
Batting: LHB Ray Spencer 0-0: Called Strike
0-1: Called Strike
0-2: Strikes out looking
Batting: RHB Toshimichi Kono 0-0: Ground out 4-3 (Groundball, 13)
Batting: LHB Pablo Reyes 0-0: Called Strike
0-1: Ball
1-1: Ball
2-1: Swinging Strike
2-2: Ball
3-2: DOUBLE (Flyball, 8RS)
Batting: RHB Dave Parker 0-0: Called Strike
0-1: Foul Ball, location: 2F
0-2: Fly out, F7 (Flyball, 7M)
Bottom of the 3rd over - 0 run(s), 1 hit(s), 0 error(s), 1 left on base; Chicago 5 - Kansas City 3
TOP OF THE 4TH
Chicago Machine batting - Pitching for Kansas City Kings : LHP Francisco Morales
Batting: RHB Rick Ayliffe 0-0: Ball
1-0: Ground out 6-3 (Groundball, 56)
Batting: SHB Jesús Ramírez 0-0: Ground out 6-3 (Groundball, 6M)
Batting: SHB Joaquín López 0-0: Called Strike
0-1: Foul Ball, location: 2F
0-2: Ball
1-2: Ground out 4-3 (Groundball, 4)
Top of the 4th over - 0 run(s), 0 hit(s), 0 error(s), 0 left on base; Chicago 5 - Kansas City 3
BOTTOM OF THE 4TH
Kansas City Kings batting - Pitching for Chicago Machine : LHP Dave Huot
Batting: SHB Víctor Serrano 0-0: Ball
1-0: Called Strike
1-1: Swinging Strike
1-2: Ball
2-2: Foul Ball, location: 2F
2-2: Fly out, F4 (Popup, 34)
Batting: LHB Ethan Marshall 0-0: Ball
1-0: Foul Ball, location: 2F
1-1: Swinging Strike
1-2: Strikes out swinging
Batting: LHB Brian Boone 0-0: Ball
1-0: SINGLE (Flyball, 8RS)
Batting: RHB Matt Richards 0-0: Ball
1-0: Called Strike
1-1: Ball
Brian Boone is caught stealing 2nd base
Bottom of the 4th over - 0 run(s), 1 hit(s), 0 error(s), 0 left on base; Chicago 5 - Kansas City 3
TOP OF THE 5TH
Chicago Machine batting - Pitching for Kansas City Kings : LHP Francisco Morales
Batting: RHB Pablo Sandoval 0-0: Called Strike
0-1: Ball
1-1: Foul Ball, location: 2F
1-2: Fly out, F8 (Flyball, 8RM)
Batting: RHB Derek Ramsey 0-0: Called Strike
0-1: Ground out 6-3 (Groundball, 6M)
Batting: RHB Edward Young 0-0: Ball
1-0: Ball
2-0: Called Strike
2-1: Foul Ball, location: 2F
2-2: Ball
3-2: DOUBLE (Groundball, 5D)
Batting: LHB Bob Smith 0-0: Called Strike
0-1: Foul Ball, location: 2F
0-2: Foul Ball, location: 2F
0-2: 2-RUN HOME RUN (Line Drive, 9D), Distance : 374 ft
Pitching: RHP Tom McConnell
Batting: RHB Lorenzo Guzmán 0-0: Fly out, F9 (Flyball, 89S)
Top of the 5th over - 2 run(s), 2 hit(s), 0 error(s), 0 left on base; Chicago 7 - Kansas City 3
BOTTOM OF THE 5TH
Kansas City Kings batting - Pitching for Chicago Machine : LHP Dave Huot
Batting: RHB Matt Richards 0-0: Ball
1-0: Foul Ball, location: 2F
1-1: Called Strike
1-2: Fly out, F2 (Popup, 2RF)
Batting: RHB Chris Chandler 0-0: Called Strike
0-1: Fly out, F8 (Flyball, 8RXD)
Batting: LHB Ray Spencer 0-0: Ground out 4-3 (Groundball, 4S)
Bottom of the 5th over - 0 run(s), 0 hit(s), 0 error(s), 0 left on base; Chicago 7 - Kansas City 3
TOP OF THE 6TH
Chicago Machine batting - Pitching for Kansas City Kings : RHP Tom McConnell
Batting: RHB Roberto Cardona 0-0: Swinging Strike
0-1: Foul Ball, location: 2F
0-2: Foul Ball, location: 2F
0-2: Strikes out swinging
Batting: RHB Rick Ayliffe 0-0: Swinging Strike
0-1: Foul Ball, location: 2F
0-2: Ball
1-2: Ball
2-2: Ground out 6-3 (Groundball, 6M)
Batting: SHB Jesús Ramírez 0-0: Swinging Strike
0-1: Foul Ball, location: 2F
0-2: Ball
1-2: Ball
2-2: Ball
3-2: Strikes out swinging
Top of the 6th over - 0 run(s), 0 hit(s), 0 error(s), 0 left on base; Chicago 7 - Kansas City 3
BOTTOM OF THE 6TH
Kansas City Kings batting - Pitching for Chicago Machine : LHP Dave Huot
Batting: RHB Toshimichi Kono 0-0: Called Strike
0-1: Fly out, F7 (Flyball, 7D)
Batting: LHB Pablo Reyes 0-0: Called Strike
0-1: Ball
1-1: Ball
2-1: DOUBLE (Line Drive, 89D)
Batting: RHB Dave Parker 0-0: Ball
1-0: Called Strike
1-1: Called Strike
1-2: Ball
2-2: Ball
3-2: SINGLE (Groundball, 6MD)
Pablo Reyes to third
Runner from 3rd tries for Home, SAFE, throw made home
Dave Parker to second
Batting: SHB Víctor Serrano 0-0: Ball
1-0: Foul Ball, location: 2F
1-1: Ball
2-1: Foul Ball, location: 2F
2-2: SINGLE (Groundball, 6MD)
Dave Parker to third
Batting: LHB Ethan Marshall 0-0: Foul Ball, location: 2F
0-1: Ball
1-1: Swinging Strike
1-2: Ball
2-2: Fly out, F6 (Line Drive, 6M)
Batting: LHB Brian Boone 0-0: Called Strike
0-1: DOUBLE (Flyball, 8RXD)
Dave Parker scores
Víctor Serrano to third
Batting: RHB Matt Richards 0-0: Called Strike
0-1: Ball
1-1: Swinging Strike
1-2: Foul Ball, location: 2F
1-2: Strikes out swinging
Bottom of the 6th over - 2 run(s), 4 hit(s), 0 error(s), 2 left on base; Chicago 7 - Kansas City 5
TOP OF THE 7TH
Chicago Machine batting - Pitching for Kansas City Kings : RHP Tom McConnell
Batting: SHB Joaquín López 0-0: Foul Ball, location: 2F
0-1: SINGLE (Groundball, 34S)
Batting: RHB Pablo Sandoval 0-0: Called Strike
0-1: Called Strike
0-2: SINGLE (Groundball, 6MD)
Joaquín López to second
Runner from 2nd tries for 3rd, SAFE, throw made to third
Batting: RHB Derek Ramsey 0-0: Ball
1-0: Foul Ball, location: 2F
1-1: Foul Ball, location: 2F
1-2: Ball
2-2: Foul Ball, location: 2F
2-2: Strikes out swinging
Batting: RHB Edward Young 0-0: Called Strike
Pablo Sandoval is caught stealing 2nd base
0-1: 2-RUN HOME RUN (Line Drive, 78XD), Distance : 394 ft
Batting: LHB Bob Smith 0-0: Ball
1-0: Ball
2-0: Ball
3-0: Called Strike
3-1: Foul Ball, location: 2F
3-2: Base on Balls
Batting: RHB Lorenzo Guzmán 0-0: Ball
1-0: Foul Ball, location: 2F
1-1: Ball
2-1: Fly out, F8 (Line Drive, 8LS)
Top of the 7th over - 2 run(s), 3 hit(s), 0 error(s), 1 left on base; Chicago 9 - Kansas City 5
BOTTOM OF THE 7TH
Kansas City Kings batting - Pitching for Chicago Machine : LHP Dave Huot
Pitching: RHP Howard Joyce
Batting: RHB Chris Chandler 0-0: Called Strike
0-1: Foul Ball, location: 2F
0-2: Foul Ball, location: 2F
0-2: Foul Ball, location: 2F
0-2: Ball
1-2: SINGLE (Line Drive, 34D)
Batting: LHB Ray Spencer 0-0: Ball
1-0: Ball
2-0: Called Strike
2-1: Foul Ball, location: 2F
2-2: Strikes out looking
Batting: RHB Toshimichi Kono 0-0: Called Strike
Chris Chandler steals 2nd base
0-1: Ball
1-1: Ball
2-1: Ball
3-1: Base on Balls
Batting: LHB Pablo Reyes 0-0: Called Strike
0-1: Fly out, F8 (Flyball, 8LS)
Batting: RHB Dave Parker 0-0: Called Strike
0-1: DOUBLE (Flyball, 89XD)
Chris Chandler scores
Toshimichi Kono to third
Batting: SHB Víctor Serrano 0-0: Ball
1-0: Ball
2-0: Ball
3-0: Called Strike
3-1: Foul Ball, location: 2F
3-2: Fly out, F2 (Popup, 25F)
Bottom of the 7th over - 1 run(s), 2 hit(s), 0 error(s), 2 left on base; Chicago 9 - Kansas City 6
TOP OF THE 8TH
Chicago Machine batting - Pitching for Kansas City Kings : RHP Tom McConnell
Pitching: RHP Tommy Smith
Batting: RHB Roberto Cardona 0-0: Called Strike
0-1: Ball
1-1: Fly out, F7 (Flyball, 7D)
Batting: RHB Rick Ayliffe 0-0: Called Strike
0-1: Ball
1-1: Ball
2-1: Ground out 5-3 (Groundball, 5S)
Batting: SHB Jesús Ramírez 0-0: Called Strike
0-1: Ball
1-1: Ball
2-1: Foul Ball, location: 2F
2-2: DOUBLE (Flyball, 78D)
Batting: SHB Joaquín López 0-0: Ball
1-0: Ball
2-0: Called Strike
2-1: Ground out 4-3 (Groundball, 34)
Top of the 8th over - 0 run(s), 1 hit(s), 0 error(s), 1 left on base; Chicago 9 - Kansas City 6
BOTTOM OF THE 8TH
Kansas City Kings batting - Pitching for Chicago Machine : RHP Howard Joyce
Batting: LHB Ethan Marshall 0-0: Fly out, F8 (Flyball, 8LD)
Batting: LHB Brian Boone 0-0: Ball
1-0: Fly out, F7 (Line Drive, 78D)
Batting: RHB Matt Richards 0-0: Ball
1-0: Called Strike
1-1: Fly out, F3 (Popup, 3L)
Bottom of the 8th over - 0 run(s), 0 hit(s), 0 error(s), 0 left on base; Chicago 9 - Kansas City 6
TOP OF THE 9TH
Chicago Machine batting - Pitching for Kansas City Kings : RHP Tommy Smith
Batting: RHB Pablo Sandoval 0-0: Called Strike
0-1: Ball
1-1: Ground out 6-3 (Groundball, 6M)
Batting: RHB Derek Ramsey 0-0: Ball
1-0: Foul Ball, location: 2F
1-1: SINGLE (Line Drive, 8RS)
Batting: RHB Edward Young 0-0: Foul Ball, location: 2F
0-1: Ball
1-1: Ball
2-1: Called Strike
2-2: Foul Ball, location: 2F
2-2: Fielders Choice at 2nd, 3-6 (Groundball, 3)
Batting: LHB Bob Smith 0-0: Called Strike
0-1: Ball
1-1: Ball
2-1: Fly out, F7 (Flyball, 7S)
Top of the 9th over - 0 run(s), 1 hit(s), 0 error(s), 1 left on base; Chicago 9 - Kansas City 6
BOTTOM OF THE 9TH
Kansas City Kings batting - Pitching for Chicago Machine : RHP Howard Joyce
Pitching: RHP Víctor Reyes
Batting: RHB Chris Chandler 0-0: Ball
1-0: Called Strike
1-1: Ball
2-1: Ball
3-1: Base on Balls
Batting: LHB Ray Spencer 0-0: Called Strike
0-1: Swinging Strike
0-2: Fielders Choice at 2nd, 1-6 (Groundball, 23)
Batting: RHB Toshimichi Kono 0-0: Foul Ball, location: 2F
0-1: Ball
1-1: Ball
2-1: Ball
3-1: Grounds into double play, 5-4-3 (Groundball, 5)
Bottom of the 9th over - 0 run(s), 0 hit(s), 0 error(s), 0 left on base; Chicago 9 - Kansas City 6
Monday, December 5th, 2016 - OOTP Baseball 17.12 Build 75